 Dungeon Crawl Stone Soup version 0.30-a0-389-g8d7d949f56 (webtiles) character file.

Game seed: 4330147551799957034

516 Drevant2 the Chopper (level 7, 0/84 HPs)
             Began as a Gnoll Reaver on Dec 3, 2022.
             Slain by a gnoll sergeant
             ... wielding a +1 antimagic spear
              (9 damage)
             ... on level 4 of the Dungeon.
             The game lasted 00:10:09 (4292 turns).

Drevant2 the Chopper (Gnoll Reaver)                 Turns: 4292, Time: 00:10:10

Health: 0/84       AC: 23    Str: 11    XL:     7   Next: 20%
Magic:  1/15       EV:  2    Int: 12    God:
Gold:   316        SH:  0    Dex: 13    Spells: 16/17 levels left

rFire   . . .      SeeInvis .    q - +2 war axe (freeze)
rCold   . . .      Faith    .    (no shield)
rNeg    . . .      Spirit   .    (body armour currently unavailable)
rPois   +          Reflect  .    (helmet currently unavailable)
rElec   .          Harm     .    (cloak currently unavailable)
rCorr   .          Rampage  .    (gloves currently unavailable)
Will    .....      NoTele   +    (boots currently unavailable)
Stlth   ++........               (no amulet)
HPRegen 0.34/turn                h - ring of poison resistance
MPRegen 0.14/turn                s - +4 ring of evasion

@: brilliant, tree-form, hasted, very quick
A: stationary, stasis, torment immunity, boosted hp, (fangs 1), strong nose,
distributed training
a: no special abilities


You were on level 4 of the Dungeon.
You were a tree.
You visited 1 branch of the dungeon, and saw 5 of its levels.

You collected 316 gold pieces.

Inventory:

Hand Weapons
 a - a +0 hand axe
 q - a +2 war axe of freezing (weapon)
Armour
 b - a +1 leather armour (melded)
 B - a +0 pair of gloves (melded)
Jewellery
 g - a ring of ice
 h - a ring of poison resistance (left branch)
 l - an amulet of faith
 s - a +4 ring of evasion (right branch)
Wands
 o - a wand of flame (6)
Scrolls
 c - 2 scrolls of butterflies
 d - 3 scrolls of blinking
 e - a scroll of fear
 i - a scroll of vulnerability {unknown}
 p - a scroll of teleportation {unknown}
 u - a scroll of poison {unknown}
 v - a scroll of identify
 y - a scroll of magic mapping {unknown}
 A - a scroll of enchant armour
 C - a scroll of enchant weapon {unknown}
Potions
 f - a potion of magic
 k - a potion of invisibility {unknown}
 m - a potion of flight
 n - a potion of brilliance
 r - a potion of might {unknown}
 t - a potion of degeneration {unknown}
 w - 2 potions of haste
 x - 2 potions of heal wounds {unknown}
 z - a potion of cancellation {unknown}
 D - a potion of attraction {unknown}
 E - a potion of lignification


   Skills:
 + Level 5.2 Fighting
 + Level 2.4 Short Blades
 + Level 2.4 Long Blades
 + Level 7.0 Axes
 + Level 2.4 Maces & Flails
 + Level 2.4 Polearms
 + Level 2.4 Staves
 + Level 2.4 Ranged Weapons
 + Level 2.4 Throwing
 + Level 2.4 Armour
 + Level 5.2 Dodging
 + Level 2.4 Stealth
 + Level 2.4 Shields
 + Level 2.4 Unarmed Combat
 + Level 5.6 Spellcasting
 + Level 5.8 Conjurations
 + Level 2.0 Hexes
 + Level 2.0 Summonings
 + Level 2.0 Necromancy
 + Level 2.0 Translocations
 + Level 2.0 Transmutations
 + Level 2.0 Fire Magic
 + Level 2.0 Ice Magic
 + Level 2.0 Air Magic
 + Level 2.0 Earth Magic
 + Level 2.0 Poison Magic
 + Level 2.7 Invocations
 + Level 2.4 Evocations


You had 16 spell levels left.
You knew the following spells:

 Your Spells              Type           Power      Damage    Failure   Level
a - Kiss of Death         Conj/Necr      76%        2d11      3%          1

Your spell library contained the following spells:

 Spells                   Type           Power      Damage    Failure   Level
 Momentum Strike          Conj/Tloc      38%        3d9       6%          2
 Apportation              Tloc           24%        N/A       9%          1
 Hailstorm                Conj/Ice       19%        3d6       12%         3
 Ensorcelled Hibernation  Hex/Ice        24%        N/A       13%         2
 Passwall                 Tmut/Erth      10%        N/A       13%         2
 Ignite Poison            Fire/Tmut/Pois 12%        N/A       26%         3
 Kindle Blastsparks       Fire/Tloc/Air  24%        2d12      26%         3
 Portal Projectile        Hex/Tloc       24%        N/A       26%         3
 Swiftness                Air            12%        N/A       26%         3
 Tukima's Dance           Hex            12%        N/A       26%         3
 Freezing Cloud           Conj/Ice/Air   8%         6-21      80%         5
 Alistair's Intoxication  Tmut/Pois      8%         N/A       93%         5
 Blade Hands              Tmut           6%         N/A       93%         5


Dungeon Overview and Level Annotations

Branches:
Dungeon (5/15)
 Temple: D:4-7

Altars:
Gozag
Qazlal

Shops:
D:1 =

Annotations:
D:4 Menkaure


Innate Abilities, Weirdness & Mutations

You are a tree.
Your roots penetrate the ground, keeping you stationary.
You cannot be teleported.
You are immune to unholy pain and torment.
Your maximum health is greatly increased.
Your equipment is partially melded.
((You have very sharp teeth.))
Your uncanny sense of smell can sniff out nearby items.
Your experience applies equally to all skills.


Message History

You see here a +0 flail.
There is a stone staircase leading down here.
You climb downwards.
The gnoll sergeant barely misses you. The gnoll barely misses you.
The gnoll hits you from afar with a +0 spear.
The gnoll sergeant hits you from afar with a +1 antimagic spear.
There is a stone staircase leading up here.
The gnoll barely misses you.
The gnoll sergeant hits you with a +1 antimagic spear!
You feel your power leaking away.
The gnoll hits you from afar with a +0 spear.
There is a stone staircase leading up, spattered with blood here.
The gnoll hits you from afar with a +0 halberd!
* * * LOW HITPOINT WARNING * * *
The gnoll hits you from afar with a +0 spear!
* * * LOW HITPOINT WARNING * * *
You climb upwards.
Level annotation: Menkaure
There is a stone staircase leading down here.
You feel clever all of a sudden.
The gnoll sergeant hits you with a +1 antimagic spear.
* * * LOW HITPOINT WARNING * * *
You feel your power leaking away.
You feel better.
The gnoll sergeant hits you with a +1 antimagic spear!
* * * LOW HITPOINT WARNING * * *
You feel your power leaking away.
It was a potion of haste.
You feel yourself speed up.
The gnoll sergeant hits you with a +1 antimagic spear.
* * * LOW HITPOINT WARNING * * *
You feel your power leaking away.
It was a potion of flight.
You feel very buoyant.
You fly up into the air.
It was a potion of lignification.
You turn into a tree.
Your +0 pair of gloves melds into your body.
Your +1 leather armour melds into your body.
Your roots penetrate the ground.
The gnoll sergeant hits you with a +1 antimagic spear!
You die...

#.# #<# # #.#
#.# .. #.#
#.# ..# #.#
#....###. #.#
####.......
#.#
#.......M..
#.# ###.# ..
#.# #...# ..
#♣# #.### .#
.. #g# #.# .
.. #.# #.#
##. .. #.#
#.# #.. ..
#.# ##.# #.#
## #(# #..#
#.# ##.###.##
#.###
######......#
#...####
#.......#####
###....#


You could see a gnoll sergeant.

Vanquished Creatures
  A phantom (D:4)
  A scorpion (D:5)
  An orc priest (D:3)
  A jelly (D:5)
  2 hounds
  Jessica (D:2)
  Terence (D:2)
  An orc wizard (D:3)
  9 gnolls (D:4)
  2 adders
  An ufetubus (D:4)
  3 worms
  A dart slug (D:1)
  2 orcs (D:3)
  5 endoplasms
  2 giant cockroaches
  9 goblins
  8 hobgoblins
  6 quokkas
  5 ball pythons
  6 bats
  2 frilled lizards (D:2)
  7 kobolds
  5 rats
82 creatures vanquished.

Notes
Turn   | Place    | Note
-------+----------+-------------------------------------------
     0 | D:1      | Drevant2 the Gnoll Reaver began the quest for the Orb.
     0 | D:1      | Reached XP level 1. HP: 20/20 MP: 6/6
    78 | D:1      | Reached XP level 2. HP: 16/26 MP: 7/7
   493 | D:1      | Found a faded altar of an unknown god.
   628 | D:1      | Found Ubuk's Jewellery Boutique.
   901 | D:2      | Noticed Terence
  1087 | D:2      | Reached skill level 5 in Spellcasting
  1087 | D:2      | Reached XP level 3. HP: 31/31 MP: 7/9
  1123 | D:2      | Noticed Jessica
  1136 | D:2      | Killed Jessica
  1137 | D:2      | Reached skill level 1 in Short Blades
  1137 | D:2      | Reached skill level 1 in Long Blades
  1137 | D:2      | Reached skill level 1 in Maces & Flails
  1137 | D:2      | Reached skill level 1 in Polearms
  1137 | D:2      | Reached skill level 1 in Staves
  1137 | D:2      | Reached skill level 1 in Ranged Weapons
  1137 | D:2      | Reached skill level 1 in Throwing
  1137 | D:2      | Reached skill level 1 in Armour
  1137 | D:2      | Reached skill level 1 in Stealth
  1137 | D:2      | Reached skill level 1 in Shields
  1137 | D:2      | Reached skill level 1 in Unarmed Combat
  1137 | D:2      | Reached skill level 1 in Invocations
  1137 | D:2      | Reached skill level 1 in Evocations
  1734 | D:2      | Reached XP level 4. HP: 33/33 MP: 11/11
  2279 | D:3      | Found an opulent altar of Gozag.
  2289 | D:3      | Reached skill level 1 in Hexes
  2289 | D:3      | Reached skill level 1 in Summonings
  2289 | D:3      | Reached skill level 1 in Necromancy
  2289 | D:3      | Reached skill level 1 in Translocations
  2289 | D:3      | Reached skill level 1 in Transmutations
  2289 | D:3      | Reached skill level 1 in Fire Magic
  2289 | D:3      | Reached skill level 1 in Ice Magic
  2289 | D:3      | Reached skill level 1 in Air Magic
  2289 | D:3      | Reached skill level 1 in Earth Magic
  2289 | D:3      | Reached skill level 1 in Poison Magic
  2401 | D:2      | Killed Terence
  2562 | D:3      | Reached XP level 5. HP: 43/43 MP: 12/12
  2960 | D:4      | Noticed Menkaure
  3101 | D:4      | Reached XP level 6. HP: 19/50 MP: 13/13
  3117 | D:4      | Reached skill level 5 in Fighting
  3117 | D:4      | Reached skill level 5 in Dodging
  3717 | D:5      | Entered Level 5 of the Dungeon
  3897 | D:5      | Reached skill level 7 in Axes
  3897 | D:5      | Reached XP level 7. HP: 52/56 MP: 15/15
  3975 | D:5      | Found a stormy altar of Qazlal.
  4292 | D:4      | Slain by a gnoll sergeant

Illustrated notes

Levels and vault maps discovered:
D:1:      elethiomel_arrival_shortcut, layout_rooms, serial_shops, shop,
          hellmonk_ecumenical_altar_slurped_away, minmay_splitting_lines
D:2:      kb_forest_paths, layout_loops_ring, uniq_terence, uniq_jessica
D:3:      layout_basic, overflow_temple_1_default, minmay_parallelograms
D:4:      layout_rooms, uniq_menkaure
D:5:      layout_loops_cross, nicolae_qazlal_general_emergency,
          ebering_ghost_inner_flame, uniq_prince_ribbit1

Skill      XL: |  1  2  3  4  5  6  7 |
---------------+----------------------+-----
Spellcasting   | 5 |  5.6
Short Blades   | 1 2 |  2.4
Long Blades    | 1 2 |  2.4
Maces & Flails | 1 2 |  2.4
Polearms       | 1 2 |  2.4
Staves         | 1 2 |  2.4
Ranged Weapons | 1 2 |  2.4
Throwing       | 1 2 |  2.4
Armour         | 1 2 |  2.4
Stealth        | 1 2 |  2.4
Shields        | 1 2 |  2.4
Unarmed Combat | 1 2 |  2.4
Invocations    | 1 2 |  2.7
Evocations     | 1 2 |  2.4
Hexes          | 1 2 |  2.0
Summonings     | 1 2 |  2.0
Necromancy     | 1 2 |  2.0
Translocations | 1 2 |  2.0
Transmutations | 1 2 |  2.0
Fire Magic     | 1 2 |  2.0
Ice Magic      | 1 2 |  2.0
Air Magic      | 1 2 |  2.0
Earth Magic    | 1 2 |  2.0
Poison Magic   | 1 2 |  2.0
Fighting       | 5 |  5.2
Dodging        | 5 |  5.2
Axes           | 7 |  7.0
Conjurations   | |  5.8

Action                   |  1- 3 |  4- 6 |  7- 9 || total
-------------------------+-------+-------+-------++-------
Melee: Hand axe          |    92 |    15 |       ||   107
       Bite              |     7 |    11 |     3 ||    21
       Punch             |     1 |     1 |       ||     2
       War axe           |       |   116 |    13 ||   129
 Cast: Kiss of Death     |     1 |       |       ||     1
  Use: Scroll            |       |     6 |       ||     6
       Potion            |       |     1 |     5 ||     6
 Stab: Sleeping          |       |     1 |       ||     1
Armor: Leather armour    |    20 |    17 |     8 ||    45
Dodge: Dodged            |    42 |    90 |    68 ||   200

Table legend: (Time is in decaauts)
 A = Elapsed time spent in this place.
 B = Non-inter-level travel time spent in this place.
 C = Inter-level travel time spent in this place.
 D = Time resting spent in this place.
 E = Time spent auto-exploring this place.
 F = Levels seen in this place.
 G = Mean time per level.
                   A        B        C        D        E       F      G
               +--------+--------+--------+--------+--------+-----+--------+
         Total |   4315 |   3402 |    913 |   1016 |   1714 |   5 |  863.0 |
       Dungeon |   4315 |   3402 |    913 |   1016 |   1714 |   5 |  863.0 |
               +--------+--------+--------+--------+--------+-----+--------+

Top non-repeatable levels by time:
     D:2: 1352 daAuts
     D:4: 1120 daAuts
     D:1: 871 daAuts
     D:3: 651 daAuts
     D:5: 319 daAuts
